 Dungeon Crawl Stone Soup version 0.22-a0-580-gd5db89c (webtiles) character file.

184 iamserjio the Sneak (level 5, -2/34 HPs)
             Began as an Octopode Wanderer on July 3, 2018.
             Slain by an adder (3 damage)
             ... on level 4 of the Dungeon.
             The game lasted 00:06:26 (3661 turns).

iamserjio the Sneak (Octopode Wanderer)             Turns: 3661, Time: 00:06:27

Health: -2/34      AC:  1    Str: 11    XL:     5   Next: 64%
Magic:  8/8        EV: 14    Int: 13    God:
Gold:   420        SH:  4    Dex: 14    Spells: 8/8 levels left

rFire    . . .     SeeInvis .   s - +0 rapier
rCold    . . .     Gourm    .   c - +0 buckler
rNeg     . . .     Faith    .   (helmet restricted)
rPois    .         Spirit   .   (no amulet)
rElec    .         Reflect  .   (no ring)
rCorr    .         Harm     .   (no ring)
MR       .....                  (no ring)
Stlth    ++++......             (no ring)
HPRegen  0.11/turn              (no ring)
MPRegen  0.11/turn              (no ring)
                                (no ring)
                                (no ring)

@: no status effects
A: almost no armour, stealthy swim, amphibious, 8 rings, constrict 8, camouflage
1, gelatinous body 1
a: no special abilities


You were on level 4 of the Dungeon.
You were not hungry.

You visited 1 branch of the dungeon, and saw 4 of its levels.

You collected 420 gold pieces.

Inventory:

Hand Weapons
 d - a +0 dagger
 l - a +0 whip
 q - a +0 short sword
 r - a +1 flail of draining
 s - a +0 rapier (weapon)
 u - a +0 falchion
 v - a cursed -1 dagger
Missiles
 m - 159 stones (quivered)
 t - 2 needles of sleeping {!f}
Armour
 c - a +0 buckler (worn)
 k - a +0 shield
Jewellery
 p - an uncursed ring of positive energy {unknown}
Scrolls
 a - 5 scrolls of magic mapping {unknown}
 e - 6 scrolls of identify {unknown}
 h - a scroll of fog {unknown}
 j - 3 scrolls of remove curse {unknown}
 n - 2 scrolls of amnesia {unknown}
Potions
 b - a potion of curing {@q1}
 g - 2 potions of might {unknown}
 i - a potion of haste {unknown}
 o - a potion of cancellation {unknown}
Comestibles
 f - 9 rations


   Skills:
 + Level 1.7 Fighting
 + Level 1.8 Short Blades
   Level 2.0 Polearms
 * Level 2.8 Dodging
 + Level 4.1 Stealth
 + Level 2.2 Shields
 - Level 2.0 Spellcasting
   Level 3.6 Poison Magic


You had 8 spell levels left.
You didn't know any spells.
Your spell library contained the following spells:

 Spells                   Type           Power        Failure   Level  Hunger
 Magic Dart               Conj           #...         30%         1    ##.....
 Conjure Flame            Conj/Fire      #.......     67%         3    ####...
 Slow                     Hex            #.......     43%         2    ###....
 Mephitic Cloud           Conj/Pois/Air  #.......     50%         3    ####...
 Blink                    Tloc           N/A          43%         2    ###....
 Call Imp                 Summ           #.......     43%         2    ###....


Dungeon Overview and Level Annotations

Branches:
Dungeon (4/15)
 Temple: D:4-7

Altars:
Ashenzari
The Shining One

Shops:
D:4 ((


Innate Abilities, Weirdness & Mutations

You cannot wear most types of armour.
You are very stealthy in the water. (Stealth+)
You are amphibious.
You can wear up to eight rings at the same time.
You can use your tentacles to constrict eight enemies at once.
Your skin changes colour to match your surroundings (Stealth+).
Your rubbery body absorbs attacks. (AC +1, EV +1)


Message History

The iguana closely misses you. The adder bites you.
You block the iguana's attack.
You hit the iguana but do no damage.
You squeeze the iguana, but do no damage.
The iguana is moderately wounded.
You constrict the iguana. The adder bites you. x2
You are poisoned.
The adder poisons you! The iguana bites you!
* * * LOW HITPOINT WARNING * * *
You feel better.
You constrict the iguana. The adder closely misses you. The iguana bites you!
* * * LOW HITPOINT WARNING * * *
You release your grip on the iguana.
You block the adder's attack. The adder misses you.
The adder completely misses you. The adder bites you.
* * * LOW HITPOINT WARNING * * *
The iguana hisses menacingly.
The adder bites you.
You die...

#.#######........#
#.......#........#####
#######..............#
#....##........#
#....##........# #####
#.....#........#
#....#######.#........#
#...........lS.########
#............#@#
#............#.#
#............#.# #####
#............#.# #...#
##.....########.########.#.#
#........# #..[....##.#.#
#......?.# #.......##.#.#
#........# #.......##.#.##
#........######(......##....#


You could see an iguana and an adder.

Vanquished Creatures
  An orc wizard (D:4)
  An iguana (D:4)
  5 adders
  4 worms (D:2)
  2 leopard geckos (D:3)
  7 orcs
  2 ball pythons (D:1)
  A giant cockroach (D:2)
  7 hobgoblins
  4 jackals (D:2)
  8 kobolds
  A quokka (D:4)
  8 bats
  5 frilled lizards
  6 goblins
  A jackal skeleton (D:3)
  3 rats
  A fungus (D:2)
67 creatures vanquished.

Notes
Turn   | Place    | Note
-------+----------+-------------------------------------------
     0 | D:1      | iamserjio the Octopode Wanderer began the quest for the Orb.
     0 | D:1      | iamserjio set off with: a potion of curing {@q1}, a +0 buckler, a +0 dagger, a ration
     0 | D:1      | Reached XP level 1. HP: 11/11 MP: 3/3
   144 | D:1      | Reached XP level 2. HP: 14/17 MP: 5/5
   317 | D:1      | Reached skill level 1 in Dodging
   319 | D:1      | Reached skill level 3 in Stealth
   678 | D:2      | Found a faded altar of an unknown god.
   682 | D:2      | Reached skill level 1 in Short Blades
   682 | D:2      | Reached XP level 3. HP: 19/22 MP: 6/6
   888 | D:2      | Reached skill level 1 in Fighting
  1605 | D:2      | Found a glowing golden altar of the Shining One.
  1651 | D:2      | Reached XP level 4. HP: 13/28 MP: 7/7
  2659 | D:3      | Reached XP level 5. HP: 33/33 MP: 8/8
  2916 | D:4      | HP: 1/33 [orc wizard/puff of flame (8)]
  2918 | D:4      | Reached skill level 4 in Stealth
  3227 | D:4      | Found Vamior's Weapon Shop.
  3299 | D:4      | Found Zeleypaiwn's Weapon Shop.
  3555 | D:4      | Found a shattered altar of Ashenzari.
  3657 | D:4      | HP: 1/34 [adder (3)]
  3661 | D:4      | Slain by an adder

Vault maps used:
D:1:      evilmike_arrival_crescent, dk_noncrumbling_4
D:2:      first_ration, chequers_ecumenical_altar_island,
          minmay_gold_behind_fungi, nicolae_tso_swordbearing_angel
D:3:      guppyfry_early_lair_pool
D:4:      kennysheep_mini, serial_shops, nicolae_shop_trees, shop

Skill      XL: |  1  2  3  4  5 |
---------------+----------------+-----
Dodging        | 1 2 |  2.8
Stealth        | 3 4 |  4.1
Short Blades   | 1 |  1.8
Fighting       | 1 |  1.7
Shields        | 2 |  2.2
Polearms       | |  2.0
Spellcasting   | |  2.0
Poison Magic   | |  3.6

Action                   |  1- 3 |  4- 6 || total
-------------------------+-------+-------++-------
Melee: Dagger            |    98 |    37 ||   135
       Constrict         |    22 |    12 ||    34
       Tentacles         |    14 |     9 ||    23
       Short sword       |       |    24 ||    24
       Rapier            |       |     6 ||     6
  Use: Potion            |       |     3 ||     3
 Stab: Sleeping          |    10 |     9 ||    19
       Distracted        |       |     1 ||     1
  Eat: Chunk             |     2 |     3 ||     5
       Ration            |       |     1 ||     1
Armor: Skin              |     6 |     5 ||    11
Dodge: Dodged            |    37 |    39 ||    76
Block: Buckler           |    13 |    10 ||    23

Table legend:
 A = Spawn XP
 B = Non-spawn XP
 C = Spawn XP percentage of total XP
 D = Spawn monster count
 E = Non-spawn monster count
 F = Spawn count percentage of total count
 G = Total turns spent on level
                    A         B        C        D         E        F      G
               +---------+---------+-------+---------+---------+-------+---------
         Total |       0 |     264 |   0.0 |       0 |      66 |   0.0 |  3661
               +---------+---------+-------+---------+---------+-------+---------
           D:1 |       0 |      27 |   0.0 |       0 |      19 |   0.0 |   663
           D:2 |       0 |      84 |   0.0 |       0 |      22 |   0.0 |  1428
           D:3 |       0 |      61 |   0.0 |       0 |      18 |   0.0 |   747
           D:4 |       0 |      92 |   0.0 |       0 |       7 |   0.0 |   823
               +---------+---------+-------+---------+---------+-------+---------
